 Dungeon Crawl Stone Soup version 0.30.1 (webtiles) character file.

Game seed: 6817948379059641059

879 boopmooplesden the Slasher (level 7, 0/82 HPs)
             Began as a Demonspawn Berserker on July 8, 2023.
             Was a Priest of Trog.
             Slain by an ogre
             ... wielding a +0 giant club
              (3 damage)
             ... on level 5 of the Dungeon.
             The game lasted 00:05:31 (3433 turns).

boopmooplesden the Slasher (Demonspawn Berserker)   Turns: 3433, Time: 00:05:31

Health: 0/82       AC: 21    Str: 17    XL:     7   Next: 75%
Magic:  7/7        EV:  7    Int:  8    God:    Trog [***...]
Gold:   196        SH:  8    Dex: 17    Spells: 6/6 levels left

rFire   . . .        a - +0 falchion
rCold   . . .        n - +0 kite shield
rNeg    . . .        w - +0 chain mail
rPois   +            k - +2 helmet
rElec   .            (no cloak)
rCorr   .            p - +0 pair of gloves of the Kraken {rPois}
SInv    .            (no boots)
Will    .....        (no amulet) Stlth
                     B - +4 ring of protection
HPRegen 0.33/turn    u - +4 ring of protection
MPRegen 0.10/turn

%: no passive effects
@: berserking, very quick
A: thin skeletal structure 1, powered by death 1, spiny 1
a: Renounce Religion, Berserk, Trog's Hand


You were on level 5 of the Dungeon.
You worshipped Trog.
Trog was most pleased with you.
You visited 1 branch of the dungeon, and saw 5 of its levels.

You collected 196 gold pieces.

Inventory:

Hand Weapons
 a - a +0 falchion (weapon)
Armour
 k - a +2 helmet (worn)
 n - a +0 kite shield (worn)
 p - the +0 pair of gloves of the Kraken (worn) {rPois}
   (You found it on level 2 of the Dungeon)

   rPois:     It protects you from poison.
 w - a +0 chain mail (worn)
Jewellery
 e - a ring of poison resistance
 u - a +4 ring of protection (right hand)
 x - a ring of positive energy
 y - an amulet of guardian spirit
 B - a +4 ring of protection (left hand)
Wands
 b - a wand of iceblast (14)
 D - a wand of charming (15)
Scrolls
 d - a scroll of silence {unknown}
 l - 2 scrolls of poison
 m - 2 scrolls of fear
 q - 3 scrolls of teleportation
 r - a scroll of magic mapping
 t - a scroll of identify
 v - 2 scrolls of amnesia
 z - a scroll of blinking
 A - 2 scrolls of fog
Potions
 c - a potion of might
 f - 2 potions of haste
 g - a potion of resistance
 h - a potion of ambrosia {unknown}
 i - a potion of degeneration {unknown}
 j - a potion of magic {unknown}
 o - 2 potions of attraction
 s - a potion of curing {unknown}
 G - a potion of berserk rage {unknown}


   Skills:
 + Level 4.5 Fighting
 + Level 6.3 Long Blades
 + Level 4.0 Armour
 + Level 2.7 Dodging
 + Level 1.0 Stealth
 + Level 1.3 Shields


You had 6 spell levels left.
You didn't know any spells.
Your spell library was empty.

Dungeon Overview and Level Annotations

Branches:
Dungeon (5/15)             Temple (0/1) D:5

Altars:
Hepliaklqana
Kikubaaqudgha
Nemelex Xobeh
Trog
Uskayaw
Wu Jian
Xom


Innate Abilities, Weirdness & Mutations

You have a somewhat thin skeletal structure. (Dex +2, Stealth+)
You regenerate a little health from kills.
You are partially covered in sharp spines.


Message History

Done exploring.
Done exploring.
(D) Dungeon (T) Temple
Where to? (Enter - D:4, ? - help)
What level of the Dungeon? (default 1, ? - help)
There is a stone staircase leading down here.
You climb downwards.
There is a stone staircase leading up here.
t - a scroll of identify
There is a stone staircase leading down here.
You open the door.
There is an open door here.
There is an open door here.
There is an open door here.
There is an open door here.
Found a helmet.
You see here a +0 helmet.
An ogre comes into view. It is wielding a +0 giant club.
An ogre is nearby!
An ogre is nearby!
Found a short sword.
You hit the ogre.
The ogre is lightly wounded.
The ogre hits you with a +0 giant club!
You barely miss the ogre.
The ogre is lightly wounded.
The ogre hits you with a +0 giant club!!
You completely miss the ogre.
The ogre is lightly wounded.
You block the ogre's attack.
You hit the ogre.
The ogre is moderately wounded.
You slash the ogre!
The ogre is severely wounded.
The ogre hits you with a +0 giant club!!
* * * LOW HITPOINT WARNING * * *
A red film seems to cover your vision as you go berserk!
You feel yourself moving faster!
You feel mighty! The ogre hits you with a +0 giant club.
You die...

#.# #.# ######## #.#
......# #.# ######.#
#.# ##....#O# #.#
#.....#@###.# #
......#.....########
..... #####.^.......
.... ##......... ).. #
#.......... #. ###.
#..######## ## #### .#
# #....#..## #.
#...##.....###....#...#
#.
.....................##
#.


You could see an ogre.

Vanquished Creatures
  4 yaks (D:5)
  A gnoll sergeant (D:5)
  An iguana (D:5)
  An orc wizard (D:3)
  4 adders
  5 gnolls (D:5)
  A shadow imp (D:5)
  2 worms
  4 dart slugs
  8 orcs
  2 bats
  3 endoplasms
  3 giant cockroaches
  9 goblins
  8 hobgoblins
  4 jackals
  6 quokkas
  5 ball pythons
  3 frilled lizards
  11 kobolds
  5 rats
90 creatures vanquished.

Notes
Turn   | Place    | Note
-------+----------+-------------------------------------------
     0 | D:1      | boopmooplesden the Demonspawn Berserker began the quest for
                  | the Orb.
     0 | D:1      | Reached XP level 1. HP: 18/18 MP: 1/1
   182 | D:1      | Gained mutation: You are partially covered in sharp spines.
                  | [demonic ancestry]
   182 | D:1      | Reached XP level 2. HP: 8/24 MP: 2/2
   354 | D:1      | Found a faded altar of an unknown god.
   827 | D:2      | Reached skill level 3 in Long Blades
   835 | D:2      | Reached XP level 3. HP: 28/29 MP: 3/3
   837 | D:2      | Identified the +0 pair of gloves of the Kraken {rPois}
   959 | D:2      | Found an ornate altar of the Wu Jian Council.
   996 | D:2      | Reached ** piety under Trog
  1500 | D:3      | Gained mutation: You regenerate a little health from kills.
                  | [demonic ancestry]
  1500 | D:3      | Reached XP level 4. HP: 37/37 MP: 4/4
  1847 | D:3      | Found an ancient bone altar of Kikubaaqudgha.
  1873 | D:3      | Reached skill level 4 in Long Blades
  2032 | D:3      | Found a faded altar of an unknown god.
  2044 | D:3      | Found a hazy altar of Hepliaklqana.
  2575 | D:4      | You fall into a shaft and drop 1 floor!
  2575 | D:5      | Entered Level 5 of the Dungeon
  2585 | D:5      | Noticed a gnoll sergeant
  2607 | D:5      | Reached XP level 5. HP: 42/42 MP: 5/5
  2624 | D:5      | Reached *** piety under Trog
  2677 | D:5      | Found a bloodstained altar of Trog.
  2687 | D:5      | Gained mutation: You have a somewhat thin skeletal
                  | structure. (Dex +2, Stealth+) [demonic ancestry]
  2687 | D:5      | Reached XP level 6. HP: 48/48 MP: 6/6
  2845 | D:5      | Found a staircase to the Ecumenical Temple.
  2875 | D:5      | Noticed a yak
  2875 | D:5      | Noticed a yak
  2875 | D:5      | Noticed a yak
  2884 | D:5      | Noticed a yak
  2887 | D:5      | Killed a yak
  2888 | D:5      | Reached skill level 5 in Long Blades
  2891 | D:5      | Killed a yak
  2892 | D:5      | Reached XP level 7. HP: 44/54 MP: 7/7
  2900 | D:5      | Killed a yak
  2901 | D:5      | Reached skill level 6 in Long Blades
  2901 | D:5      | Reached skill level 1 in Shields
  2905 | D:5      | Killed a yak
  2906 | D:5      | Reached skill level 1 in Stealth
  2992 | D:4      | Found a shimmering altar of Xom.
  3072 | D:4      | Found a hide-covered altar of Uskayaw.
  3292 | D:4      | Found a sparkling altar of Nemelex Xobeh.
  3432 | D:5      | HP: 1/55 [ogre/+0 giant club (24)]
  3433 | D:5      | Slain by an ogre

Illustrated notes

Levels and vault maps discovered:
D:1:      minmay_arrival_four_circles, layout_loops_ring,
          shapermc_ecumenical_altar_venn, minmay_strange_pillars, minivault_19,
          minmay_strange_pillars
D:2:      layout_loops_ring, basic_altar
D:3:      wad_river_or_something, layout_basic,
          nicolae_overflow_ecumenical_swirl, lemuel_tele_altar,
          uniq_crazy_yiuf_cottage
D:4:      layout_rooms, eat_drink_and_be_merry_uskayaw, general_overflow_altar,
          kennysheep_mini_moat
D:5:      layout_cave_pools, mainiacjoe_overflow_24_doors, lemuel_crystal_altar,
          minmay_temple_entry_stoned_glass, serial_co_window_serial,
          co_window_corner_a, co_window_paths_a, co_window_of_opportunity_a,
          co_window_corner_a, co_window_corner_a, co_window_paths_b,
          co_window_of_opportunity_a, co_window_paths_a, co_window_paths_a,
          co_window_of_opportunity_b, co_window_broadway_c,
          co_window_broadway_c, co_window_unsneaky_path_c, co_window_2corner,
          co_window_of_opportunity_b, co_window_paths_e, glass_columns_b,
          glass_columns_b, glass_columns_a, glass_columns_a, minmay_small_thing

Skill      XL: |  1  2  3  4  5  6  7 |
---------------+----------------------+-----
Armour         | 2 3 4 |  4.0
Long Blades    | 3 4 5 6 |  6.3
Dodging        | 2 |  2.7
Fighting       | 4 |  4.5
Shields        | 1 |  1.3
Stealth        | 1 |  1.0

Action                     |  1- 3 |  4- 6 |  7- 9 || total
---------------------------+-------+-------+-------++-------
  Melee: Falchion          |    83 |   102 |    35 ||   220
         Punch             |     1 |       |       ||     1
 Invoke: Berserk           |     1 |     2 |     1 ||     4
    Use: Scroll            |     1 |    15 |       ||    16
   Stab: Sleeping          |     2 |       |       ||     2
 Armour: Animal skin       |     5 |       |       ||     5
         Robe              |    10 |       |       ||    10
         Chain mail        |    13 |    61 |    20 ||    94
  Dodge: Dodged            |    53 |    33 |     8 ||    94
  Block: Kite shield       |       |    13 |    10 ||    23
